 Dungeon Sprint DCSS version 0.29-a0-892-g2c4c91d9db (webtiles) character file.

Game seed: 2656522558613188526

30 mhtbhm the Covered (level 3, -12/36 HPs)
             Began as a Gargoyle Fighter on July 23, 2022.
             Mangled by an ogre
             ... wielding a +0 giant spiked club
              (24 damage)
             ... in the Dungeon (Sprint IX: "|||||||||||||||||||||||||||||").
             The game lasted 00:00:07 (113 turns).

mhtbhm the Covered (Gargoyle Fighter)                Turns: 113, Time: 00:00:07

Health: -12/36     AC: 10    Str: 21    XL:     3   Next: 18%
Magic:  3/3        EV:  9    Int:  8    God:
Gold:   0          SH:  4    Dex:  9    Spells: 2/2 levels left

rFire   . . .      SeeInvis .   a - +0 flail
rCold   . . .      Faith    .   c - +0 buckler
rNeg    + . .      Spirit   .   b - +0 scale mail
rPois   ∞          Reflect  .   (no helmet)
rElec   +          Harm     .   (no cloak)
rCorr   .          Rampage  .   (no gloves)
Will    .....      NoTele   +   (no boots)
Stlth   ..........              (no amulet)
HPRegen 0.12/turn               (no ring)
MPRegen 0.08/turn               (no ring)

@: berserking (expiring), very quick
A: sickness immunity, AC +3, negative energy resistance 1, electricity
resistance, torment resistance 1, petrification resistance
a: no special abilities


You were in the Dungeon.
You visited 1 branch

Inventory:

Hand Weapons
 a - a +0 flail (weapon)
Armour
 b - a +0 scale mail (worn)
 c - a +0 buckler (worn)
Scrolls
 j - a scroll of blinking
Potions
 d - a potion of might
 e - a potion of curing
 f - a potion of heal wounds
 g - a potion of haste
 h - 2 potions of magic


   Skills:
 + Level 4.6 Fighting
 + Level 3.4 Maces & Flails
 + Level 4.9 Armour
 + Level 0.1 Dodging
 + Level 4.4 Shields


You had 2 spell levels left.
You didn't know any spells.
Your spell library was empty.

Dungeon Overview and Level Annotations

Branches:
Dungeon (1/1)

Altars:


Innate Abilities, Weirdness & Mutations

You are immune to sickness and miasma.
Your stone body is resilient. (AC +3)
You are immune to poison.
You resist negative energy. (rN+)
You are resistant to electric shocks. (rElec)
You are resistant to unholy torment.
You are immune to petrification.


Message History

There is an open door to the Dungeon here.
Items here: ( )) ††.
You start resting.
HP restored.
You open the door.
An iguana, an ogre, an orc wizard, a hound and a jelly come into view.
The ogre shouts!
The hound barks!
The jelly quivers.
Unknown command.
You barely miss the iguana. The iguana barely misses you.
A red film seems to cover your vision as you go berserk!
You feel yourself moving faster!
You feel mighty! The iguana bites you.
Unknown command.
You barely miss the iguana. You block the iguana's attack.
You closely miss the iguana. The iguana misses you.
You closely miss the iguana. You block the iguana's attack.
You barely miss the iguana. The iguana bites you.
You sock the iguana!
The iguana is almost dead.
You thump the iguana!
You kill the iguana!
Your Fighting skill increases to level 4!
Your Maces & Flails skill increases to level 3!
Your Shields skill increases to level 4!
You have reached level 2!
You have reached level 3!
Your experience leads to an increase in your attributes!
Increase (S)trength, (I)ntelligence, or (D)exterity?
You feel stronger. x2
Unknown command.
You barely miss the ogre. You block the ogre's attack.
You barely miss the ogre. You sock the ogre!
The ogre is heavily wounded.
The ogre hits you with a +0 giant spiked club!
You sock the ogre!
The ogre is almost dead.
The ogre hits you with a +0 giant spiked club!!
Ouch! That really hurt!
You die...

▓.▓
▓.▓
▓.▓
▓)▓
▓.▓
▓.▓
▓.▓
▓.▓
▓@▓
▓O▓
▓o▓
▓h▓
▓J▓
▓.▓
▓.▓
▓+▓


You could see an ogre, a hound, a jelly and an orc wizard.

Vanquished Creatures
  An iguana (D)
  An endoplasm (D)
  A hobgoblin (D)
  2 kobolds (D)
  A ball python (D)
6 creatures vanquished.

Notes
Turn   | Place    | Note
-------+----------+-------------------------------------------
     0 | D        | mhtbhm the Gargoyle Fighter began the quest for the Orb.
     0 | D        | Reached XP level 1. HP: 14/14 MP: 1/1
   101 | D        | Noticed an iguana
   101 | D        | Noticed an ogre
   101 | D        | Noticed an orc wizard
   101 | D        | Noticed a hound
   101 | D        | Noticed a jelly
   109 | D        | Killed an iguana
   110 | D        | Reached XP level 2. HP: 20/20 MP: 2/2
   110 | D        | Reached XP level 3. HP: 24/24 MP: 3/3
   113 | D        | Mangled by an ogre

Illustrated notes

Levels and vault maps discovered:
D:        linesprint [early_d, line_temple, items_1, d_10, items_2, lair_1,
          lair_end, items_3, orc_1, orc_end, items_4, d_15, swamp_1, shoals_1,
          snake_1, spider_1, d_20, vaults_1, items_5, swamp_end, shoals_end,
          snake_end, spider_end, vaults_end, d_27, items_6, zot_1, zot_end,
          crypt_end, forest_end, elf_end, slime_end, tomb_end, abyss_end,
          pan_hell_end]

Skill      XL: |  1 |
---------------+----+-----
Armour         | 4 |  4.9
Fighting       | 4 |  4.6
Maces & Flails | 3 |  3.4
Shields        | 4 |  4.4
Dodging        | |  0.1

Action                   || total
-------------------------++-------
Melee: Flail             ||    24
  Use: Potion            ||     1
Armor: Scale mail        ||     6
Dodge: Dodged            ||     6
Block: Buckler           ||     3

Table legend: (Time is in decaauts)
 A = Elapsed time spent in this place.
 B = Non-inter-level travel time spent in this place.
 C = Inter-level travel time spent in this place.
 D = Time resting spent in this place.
 E = Time spent auto-exploring this place.
 F = Levels seen in this place.
 G = Mean time per level.
                   A        B        C        D        E       F      G
               +--------+--------+--------+--------+--------+-----+--------+
         Total |    116 |    116 |      0 |     78 |      3 |   1 |  116.0 |
       Dungeon |    116 |    116 |      0 |     78 |      3 |   1 |  116.0 |
               +--------+--------+--------+--------+--------+-----+--------+

Top non-repeatable levels by time:
       D: 116 daAuts
